 Dungeon Crawl Stone Soup version 0.30-a0-305-g026cb31310 (webtiles) character file.

Game seed: 555500757362377288

859 Darkkill the Skirmisher (level 8, -1/63 HPs)
             Began as a Gnoll Hunter on Oct 23, 2022.
             Slain by Pikel
             ... wielding a +1 whip of freezing
              (8 damage)
             ... on level 5 of the Dungeon.
             The game lasted 00:05:11 (3645 turns).

Darkkill the Skirmisher (Gnoll Hunter)              Turns: 3645, Time: 00:05:12

Health: -1/63      AC:  6    Str: 10    XL:     8   Next: 2%
Magic:  12/12      EV: 14    Int:  9    God:
Gold:   216        SH:  0    Dex: 18    Spells: 13/13 levels left

rFire   . . .      SeeInvis .    a - +1 shortbow
rCold   . . .      Faith    .    (shield currently unavailable)
rNeg    . . .      Spirit   .    c - +0 leather armour
rPois   .          Reflect  .    t - +0 helmet
rElec   .          Harm     .    (no cloak)
rCorr   .          Rampage  .    (no gloves)
Will    .....                    l - +1 pair of boots
Stlth   +++.......               n - amulet of regeneration
HPRegen 1.10/turn                m - ring of wizardry
MPRegen 0.13/turn                e - ring of wizardry

@: no status effects
A: fangs 1, strong nose, distributed training
a: no special abilities


You were on level 5 of the Dungeon.
You visited 1 branch of the dungeon, and saw 5 of its levels.

You collected 216 gold pieces.

Inventory:

Hand Weapons
 a - a +1 shortbow (weapon)
 b - the +7 dagger of Destiny {venom, +Blink rElec rN++ Str-5}
   (You found it on level 3 of the Dungeon)

   It poisons the flesh of those it strikes.
   Str:       It affects your strength (-5).
   rElec:     It insulates you from electricity.
   rN:        It greatly protects you from negative energy.
   +Blink:    It lets you blink.
 x - a +0 scythe
Missiles
 f - 58 stones
Armour
 c - a +0 leather armour (worn)
 l - a +1 pair of boots (worn)
 t - a +0 helmet (worn)
Jewellery
 e - a ring of wizardry (right hand)
 m - a ring of wizardry (left hand)
 n - an amulet of regeneration (around neck)
 r - an amulet of the acrobat
 w - an amulet of guardian spirit
 z - an amulet of magic regeneration
Wands
 A - a wand of digging (2)
Scrolls
 d - a scroll of butterflies
 j - a scroll of torment
 p - 2 scrolls of immolation
 y - a scroll of enchant armour
Potions
 g - 2 potions of lignification
 h - 2 potions of haste
 i - a potion of resistance {unknown}
 k - a potion of heal wounds {unknown}
 o - 2 potions of might {unknown}
 q - a potion of cancellation {unknown}
 u - a potion of berserk rage {unknown}
 v - 3 potions of flight
 B - a potion of ambrosia {unknown}


   Skills:
 + Level 5.5 Fighting
 + Level 3.0 Short Blades
 + Level 3.0 Long Blades
 + Level 3.0 Axes
 + Level 3.0 Maces & Flails
 + Level 3.0 Polearms
 + Level 3.0 Staves
 + Level 9.1 Ranged Weapons
 + Level 3.0 Throwing
 + Level 3.0 Armour
 + Level 5.5 Dodging
 + Level 3.8 Stealth
 + Level 3.0 Shields
 + Level 3.0 Unarmed Combat
 + Level 3.0 Spellcasting
 + Level 2.4 Conjurations
 + Level 2.4 Hexes
 + Level 2.4 Summonings
 + Level 2.4 Necromancy
 + Level 2.4 Translocations
 + Level 2.4 Transmutations
 + Level 2.4 Fire Magic
 + Level 2.4 Ice Magic
 + Level 2.4 Air Magic
 + Level 2.4 Earth Magic
 + Level 2.4 Poison Magic
 + Level 3.3 Invocations
 + Level 3.0 Evocations


You had 13 spell levels left.
You didn't know any spells.
Your spell library was empty.

Dungeon Overview and Level Annotations

Branches:
Dungeon (5/15)
 Temple: D:4-7

Altars:
Hepliaklqana

Shops:
D:5 =

Annotations:
D:5 Pikel


Innate Abilities, Weirdness & Mutations

You have very sharp teeth.
Your uncanny sense of smell can sniff out nearby items.
Your experience applies equally to all skills.


Message History

The lemure closely misses you.
You shoot an arrow. The arrow misses Pikel.
The arrow closely misses the lemure.
Pikel closely misses you. The lemure misses you.
The lemure hits you but does no damage.
You shoot an arrow. The arrow hits Pikel.
Pikel is lightly wounded.
Pikel barely misses you. The lemure hits you but does no damage.
The lemure hits you.
You shoot an arrow. The arrow hits Pikel.
Pikel is lightly wounded.
Pikel hits you with a +1 whip of freezing.
Pikel freezes you. The lemure hits you! The lemure misses you.
You shoot an arrow.
The arrow hits Pikel but does no damage.
Pikel is lightly wounded.
Pikel says, "Don't tell anyone, but I think Ereshkigal likes me."
Pikel hits you but does no damage. The lemure hits you but does no damage.
The lemure barely misses you.
You shoot an arrow. The arrow closely misses Pikel.
The arrow hits the lemure!
The lemure is moderately wounded.
Pikel hits you but does no damage. The lemure barely misses you. x2
You shoot an arrow. The arrow closely misses Pikel.
The arrow hits the lemure!
The lemure is almost dead.
Pikel hits you with a +1 whip of freezing.
Pikel freezes you. The lemure closely misses you.
The lemure hits you but does no damage.
You shoot an arrow. The arrow closely misses Pikel.
The arrow hits the lemure but does no damage.
The lemure is almost dead.
Pikel barely misses you. The lemure barely misses you.
The lemure hits you but does no damage.
Read: scroll of fear
Press: ? - help, Q - select action, (/) - cycle Dir - look around, f - activate Look: Pikel, wielding a +1 whip of freezing and wearing a +2 robe of willpower (lightly wounded, chance to affect: 79%)
As you read the scroll of fear, it crumbles to dust.
You assume a fearsome visage.
Pikel looks frightened!
The lemure easily resists.
The lemure looks frightened! x2
The lemure attacks as you move away! The lemure barely misses you.
You shoot an arrow. The arrow hits the lemure!
You kill the lemure!
That felt strangely unrewarding.
There are monsters nearby!
Cornered, the lemure turns to fight!
You start resting.
A lemure is nearby!
The lemure attacks as you move away! The lemure hits you!
You shoot an arrow. The arrow barely misses the lemure.
The lemure misses you.
You shoot an arrow. The arrow hits the lemure!
You kill the lemure!
That felt strangely unrewarding.
You hear the quick rusting of a very distant drain.
You start resting.
Pikel is nearby!
You shoot an arrow. The arrow barely misses Pikel.
Pikel barely misses you.
You shoot an arrow. The arrow closely misses Pikel.
Pikel barely misses you.
You shoot an arrow.
The arrow hits Pikel but does no damage.
Pikel is lightly wounded.
Pikel barely misses you.
You shoot an arrow.
The arrow hits Pikel but does no damage.
Pikel is lightly wounded.
Pikel misses you.
You shoot an arrow. The arrow hits Pikel.
Pikel is lightly wounded.
Pikel closely misses you.
You shoot an arrow. The arrow hits Pikel!
Pikel is moderately wounded.
Pikel hits you with a +1 whip of freezing.
Pikel freezes you.
You shoot an arrow. The arrow misses Pikel.
The arrow hits the lemure.
The lemure is lightly wounded.
Pikel hits you with a +1 whip of freezing.
Pikel freezes you.
You shoot an arrow. The arrow hits Pikel.
Pikel is heavily wounded.
Pikel hits you with a +1 whip of freezing.
Pikel freezes you.
You shoot an arrow. The arrow closely misses Pikel.
The arrow hits the lemure.
The lemure is lightly wounded.
Pikel hits you with a +1 whip of freezing.
Pikel freezes you.
You shoot an arrow. The arrow hits Pikel.
Pikel is heavily wounded.
Pikel hits you with a +1 whip of freezing!
* * * LOW HITPOINT WARNING * * *
Pikel freezes you.
* * * LOW HITPOINT WARNING * * *
The lemure hits you!
* * * LOW HITPOINT WARNING * * *
You shoot an arrow. The arrow hits Pikel.
Pikel is heavily wounded.
The lemure misses you. Pikel misses you.
You shoot an arrow. The arrow hits Pikel.
Pikel is severely wounded.
Pikel misses you. The lemure hits you.
* * * LOW HITPOINT WARNING * * *
Pikel cracks his whip.
Pikel hits you with a +1 whip of freezing!
You die...

#######.......#######
#.....#.......#.....#
#.....+.......#.....#
#..####.......'.....#
###...........#....##
#...........#....##
#...........#......
#....#####'##......
#.@###.............
#.#####.K5...............
#.....##..##.....##....##
#.........##.....##....#.
..K...............#....'.
##....##.........#######.
#.... #..##.....#.......
#5.. ###'##.....#......#
##.. #..........#......#


You could see Pikel and a lemure.

Vanquished Creatures
  Grinder (D:5)
  Sigmund (D:5)
  3 lemures (D:5)
  2 phantoms
  An orc priest (D:4)
  A hound (D:5)
  Natasha (thrice) (D:3)
  2 iguanas
  Robin (D:4)
  2 adders (D:2)
  A shadow imp (D:5)
  2 worms
  3 dart slugs
  10 orcs
  10 ball pythons
  12 endoplasms
  2 giant cockroaches (D:3)
  14 goblins
  7 hobgoblins
  2 jackals (D:4)
  3 quokkas
  2 bats
  3 frilled lizards
  7 kobolds
  5 rats
100 creatures vanquished.

Notes
Turn   | Place    | Note
-------+----------+-------------------------------------------
     0 | D:1      | Darkkill the Gnoll Hunter began the quest for the Orb.
     0 | D:1      | Reached XP level 1. HP: 20/20 MP: 1/1
    95 | D:1      | Reached XP level 2. HP: 26/26 MP: 2/2
   403 | D:1      | Reached XP level 3. HP: 31/31 MP: 3/3
   725 | D:1      | You fall into a shaft and drop 1 floor!
   778 | D:2      | Reached skill level 1 in Invocations
  1028 | D:2      | Reached skill level 1 in Short Blades
  1028 | D:2      | Reached skill level 1 in Long Blades
  1028 | D:2      | Reached skill level 1 in Axes
  1028 | D:2      | Reached skill level 1 in Maces & Flails
  1028 | D:2      | Reached skill level 1 in Polearms
  1028 | D:2      | Reached skill level 1 in Staves
  1028 | D:2      | Reached skill level 1 in Throwing
  1028 | D:2      | Reached skill level 1 in Armour
  1028 | D:2      | Reached skill level 1 in Shields
  1028 | D:2      | Reached skill level 1 in Unarmed Combat
  1028 | D:2      | Reached skill level 1 in Spellcasting
  1028 | D:2      | Reached skill level 1 in Evocations
  1130 | D:2      | Reached XP level 4. HP: 38/38 MP: 5/5
  1465 | D:3      | Found a hazy altar of Hepliaklqana.
  1492 | D:3      | Identified the +7 dagger of Destiny {venom, +Blink rElec
                  | rN++ Str-5}
  1745 | D:3      | Reached skill level 1 in Conjurations
  1745 | D:3      | Reached skill level 1 in Hexes
  1745 | D:3      | Reached skill level 1 in Summonings
  1745 | D:3      | Reached skill level 1 in Necromancy
  1745 | D:3      | Reached skill level 1 in Translocations
  1745 | D:3      | Reached skill level 1 in Transmutations
  1745 | D:3      | Reached skill level 1 in Fire Magic
  1745 | D:3      | Reached skill level 1 in Ice Magic
  1745 | D:3      | Reached skill level 1 in Air Magic
  1745 | D:3      | Reached skill level 1 in Earth Magic
  1745 | D:3      | Reached skill level 1 in Poison Magic
  1902 | D:3      | Noticed Natasha
  1907 | D:3      | Killed Natasha
  1908 | D:3      | Reached XP level 5. HP: 43/43 MP: 5/7
  1916 | D:3      | Noticed Natasha
  1924 | D:3      | Killed Natasha
  2285 | D:3      | Noticed Natasha
  2287 | D:3      | Killed Natasha
  2406 | D:4      | Noticed a phantom
  2410 | D:4      | Noticed Robin
  2460 | D:4      | HP: 7/43 [orc/+0 hand axe (6)]
  2630 | D:4      | Killed a phantom
  2631 | D:4      | Reached skill level 5 in Fighting
  2631 | D:4      | Reached skill level 5 in Dodging
  2631 | D:4      | Reached XP level 6. HP: 51/51 MP: 7/9
  2675 | D:4      | Killed Robin
  3087 | D:5      | Entered Level 5 of the Dungeon
  3087 | D:5      | Noticed Sigmund
  3102 | D:5      | HP: 8/51 [something (10)]
  3253 | D:5      | Found Butivueh's Jewellery Shoppe.
  3291 | D:5      | Noticed Grinder
  3299 | D:5      | Paralysed by Grinder for 5 turns
  3366 | D:5      | Killed Grinder
  3367 | D:5      | Reached XP level 7. HP: 25/56 MP: 10/10
  3406 | D:5      | Reached skill level 9 in Ranged Weapons
  3465 | D:5      | Killed Sigmund
  3466 | D:5      | Reached XP level 8. HP: 61/63 MP: 10/12
  3598 | D:5      | Noticed Pikel
  3643 | D:5      | HP: 6/63 [lemure[Pikel] (7)]
  3645 | D:5      | Slain by Pikel

Illustrated notes

Levels and vault maps discovered:
D:1:      minmay_arrival_doors, layout_basic
D:2:      layout_loops_cross, kennysheep_generic_room_10
D:3:      layout_basic, mainiacjoe_overflow_six_doors_small,
          kennysheep_cross_bottleneck, kennysheep_cluttered_room, st_stairs_14,
          nicolae_kite_square_tiling_tiny, wad_floor_pattern_untrapped,
          grunt_ministairs_10, uniq_natasha
D:4:      layout_rooms, uniq_robin
D:5:      cheibrodos_thug_alley, layout_gridville, cheibrodos_sewer_entry_drain,
          nicolae_take_the_stairs, uniq_duvessa, uniq_pikel, uniq_grinder,
          uniq_sigmund, uniq_ijyb

Skill      XL: |  1  2  3  4  5  6  7 |
---------------+----------------------+-----
Invocations    | 1 2 3 |  3.3
Short Blades   | 1 2 3 |  3.0
Long Blades    | 1 2 3 |  3.0
Axes           | 1 2 3 |  3.0
Maces & Flails | 1 2 3 |  3.0
Polearms       | 1 2 3 |  3.0
Staves         | 1 2 3 |  3.0
Throwing       | 1 2 3 |  3.0
Armour         | 1 2 3 |  3.0
Shields        | 1 2 3 |  3.0
Unarmed Combat | 1 2 3 |  3.0
Spellcasting   | 1 2 3 |  3.0
Evocations     | 1 2 3 |  3.0
Conjurations   | 1 2 |  2.4
Hexes          | 1 2 |  2.4
Summonings     | 1 2 |  2.4
Necromancy     | 1 2 |  2.4
Translocations | 1 2 |  2.4
Transmutations | 1 2 |  2.4
Fire Magic     | 1 2 |  2.4
Ice Magic      | 1 2 |  2.4
Air Magic      | 1 2 |  2.4
Earth Magic    | 1 2 |  2.4
Poison Magic   | 1 2 |  2.4
Fighting       | 5 |  5.5
Dodging        | 5 |  5.5
Stealth        | 3 |  3.8
Ranged Weapons | 9 |  9.1

Action                   |  1- 3 |  4- 6 |  7- 9 || total
-------------------------+-------+-------+-------++-------
 Fire: Shortbow          |    93 |   193 |    69 ||   355
  Use: Scroll            |       |    15 |     1 ||    16
       Potion            |       |     4 |       ||     4
Armor: Leather armour    |     3 |    34 |    15 ||    52
Dodge: Dodged            |    13 |   134 |    39 ||   186

Table legend: (Time is in decaauts)
 A = Elapsed time spent in this place.
 B = Non-inter-level travel time spent in this place.
 C = Inter-level travel time spent in this place.
 D = Time resting spent in this place.
 E = Time spent auto-exploring this place.
 F = Levels seen in this place.
 G = Mean time per level.
                   A        B        C        D        E       F      G
               +--------+--------+--------+--------+--------+-----+--------+
         Total |   3681 |   3592 |     89 |    205 |   2596 |   5 |  736.2 |
       Dungeon |   3681 |   3592 |     89 |    205 |   2596 |   5 |  736.2 |
               +--------+--------+--------+--------+--------+-----+--------+

Top non-repeatable levels by time:
     D:3: 1191 daAuts
     D:1: 732 daAuts
     D:4: 649 daAuts
     D:5: 570 daAuts
     D:2: 538 daAuts

Table legend:
 A = Kills in this place as a percentage of kills in entire the game.
 B = Kills by you in this place as a percentage of kills by you in the entire game.
 C = Kills by friends in this place as a percentage of kills by friends in the entire game.
 D = Other kills in this place as a percentage of other kills in the entire game.
 E = Experience gained in this place as a percentage of experience gained in the entire game.
 F = Experience gained in this place divided by the number of levels of this place that you have seen.
                   A       B       C       D       E      F
               +-------+-------+-------+-------+-------+----------------------
         Total | 100.0 | 100.0 |   N/A |   N/A | 100.0 | 245.6
       Dungeon | 100.0 | 100.0 |   N/A |   N/A | 100.0 | 245.6
               +-------+-------+-------+-------+-------+----------------------
